 Dungeon Crawl Stone Soup version 0.29.1-13-g9f3cf754e1 (webtiles) character file.

Game seed: 5996448802969175713

2831 GigaChad the Cleaver (level 9, -7/71 HPs)
             Began as a Minotaur Fighter on Jan 24, 2023.
             Was a Follower of Hepliaklqana.
             Mangled by an orc warrior
             ... wielding a +0 flail
              (18 damage)
             ... on level 6 of the Dungeon.
             The game lasted 00:14:25 (8184 turns).

GigaChad the Cleaver (Minotaur Fighter)             Turns: 8184, Time: 00:14:26

Health: -7/71      AC:  9    Str: 21    XL:     9   Next: 45%
Magic:  8/8        EV: 10    Int:  5    God:    Hepliaklqana [*.....]
Gold:   280        SH:  5    Dex: 10    Spells: 8/8 levels left

rFire   + + .      SeeInvis .   g - +0 broad axe
rCold   . . .      Faith    .   c - +0 buckler
rNeg    . . .      Spirit   .   b - +0 scale mail
rPois   .          Reflect  .   (helmet restricted)
rElec   +          Harm     .   F - +0 cloak
rCorr   .          Rampage  .   (no gloves)
Will    .....                   (no boots)
Stlth   ..........              (no amulet)
HPRegen 0.21/turn               l - ring of Maadez Oshru {Fly rElec rF++ Str-4}
MPRegen 0.11/turn               (no ring)

@: marked, flying
A: reduced essence, horns 2, retaliatory headbutt
a: Renounce Religion, Recall Ancestor, Ancestor Identity


You were on level 6 of the Dungeon.
You worshipped Hepliaklqana.
Hepliaklqana was aware of your devotion.
You visited 1 branch of the dungeon, and saw 6 of its levels.
You also visited: Sewer.

You collected 280 gold pieces.

Inventory:

Hand Weapons
 a - a +0 war axe
 g - a +0 broad axe (weapon)
Missiles
 f - 5 javelins (quivered)
 G - 2 throwing nets
Armour
 b - a +0 scale mail (worn)
 c - a +0 buckler (worn)
 F - a +0 cloak (worn)
Jewellery
 l - the ring of Maadez Oshru (left hand) {Fly rElec rF++ Str-4}
   (You acquired it in a sewer)

   [ring of flight]

   Str:       It affects your strength (-4).
   rF:        It greatly protects you from fire.
   rElec:     It insulates you from electricity.
   Fly:       It grants you flight.
Wands
 A - a wand of roots (4)
 B - a wand of paralysis (16)
 D - a wand of light (8)
Scrolls
 e - 2 scrolls of torment
 h - 4 scrolls of teleportation
 j - a scroll of poison
 n - 2 scrolls of vulnerability
 q - 2 scrolls of amnesia {unknown}
 r - 5 scrolls of identify
 s - a scroll of magic mapping
 w - a scroll of silence
 z - 2 scrolls of butterflies {unknown}
 E - a scroll of immolation {unknown}
Potions
 d - 3 potions of might
 i - a potion of ambrosia {unknown}
 k - 3 potions of flight
 m - 5 potions of curing {unknown}
 o - 2 potions of haste {unknown}
 p - 3 potions of heal wounds
 t - a potion of degeneration {unknown}
 u - a potion of berserk rage {unknown}
 v - a potion of cancellation {unknown}
 x - a potion of brilliance {unknown}
 C - a potion of magic {unknown}
 H - a potion of invisibility
 I - a potion of attraction {unknown}


   Skills:
 + Level 7.2 Fighting
 + Level 10.2 Axes
 + Level 8.5 Armour
 + Level 3.3 Dodging
 + Level 1.0 Stealth
 + Level 6.5 Shields


You had 8 spell levels left.
You didn't know any spells.
Your spell library contained the following spells:

 Spells                   Type           Power      Damage    Failure   Level
 Beastly Appendage        Tmut           0%         N/A       85%         1
 Magic Dart               Conj           0%         1d3       85%         1
 Ensorcelled Hibernation  Hex/Ice        0%         N/A       94%         2
 Searing Ray              Conj           0%         2d4       94%         2
 Wereblood                Tmut           0%         N/A       94%         2
 Dazzling Flash           Conj/Hex       0%         N/A       99%         3
 Gell's Gravitas          Tloc           0%         N/A       99%         3
 Spider Form              Tmut/Pois      0%         N/A       99%         3
 Teleport Other           Tloc           0%         N/A       99%         3
 Anguish                  Hex/Necr       0%         N/A       100%        4
 Fulminant Prism          Conj/Hex       0%         3d6       100%        4
 Agony                    Necr           0%         N/A       100%        5
 Silence                  Hex/Air        0%         N/A       100%        5
 Dispersal                Tloc           0%         N/A       100%        6


Dungeon Overview and Level Annotations

Branches:
Dungeon (6/15)              Sewer (visited)
 Temple: D:4-7

Altars:
Dithmenos
Hepliaklqana
Nemelex Xobeh
Sif Muna
Yredelemnul
Zin


Innate Abilities, Weirdness & Mutations

Your life essence is reduced to manifest your ancestor. (-10% HP)
You have a pair of horns on your head.
You reflexively headbutt those who attack you in melee.


Message History

You closely miss the orc. Your headbutt misses the orc.
The orc is heavily wounded.
Thel 'Vadum hits the orc.
The orc dies!
An orc warrior comes into view. It is wielding a +0 flail.
The orc barely misses Thel 'Vadum.
The human shoots a sling bullet.
The sling bullet hits Thel 'Vadum!
Thel 'Vadum barely misses the bullfrog.
You hit the bullfrog.
The bullfrog is moderately wounded.
The bullfrog hits you but does no damage.
The orc closely misses Thel 'Vadum.
The bullfrog hits you but does no damage.
Thel 'Vadum hits the bullfrog!
You hit the bullfrog. Your headbutt misses the bullfrog.
The bullfrog is severely wounded.
The bullfrog closely misses you.
An orc comes into view. It is wielding a +0 short sword.
The orc closely misses Thel 'Vadum.
Thel 'Vadum hits the bullfrog.
The bullfrog dies!
The orc hits you but does no damage.
The human shoots a sling bullet.
The sling bullet hits you.
Thel 'Vadum barely misses the orc.
Things that are here:
a +0 dagger; a bullfrog corpse You slash the orc!
You kill the orc!
The human shoots a sling bullet.
The sling bullet hits you!
The human shoots a sling bullet.
The sling bullet hits you.
Things that are here:
a +0 dagger; an orc corpse You barely miss the orc warrior.
An orc comes into view. It is wielding a +0 flail.
The human shoots a sling bullet.
The sling bullet hits you but does no damage.
The orc warrior barely misses you.
Thel 'Vadum closely misses the human.
The orc warrior hits you with a +0 flail!
* * * LOW HITPOINT WARNING * * *
Unknown command.
Thel 'Vadum barely misses the human.
The orc warrior hits you with a +0 flail!!
You die...

########.###............#
#.#### .........#
#.###.#.####.# #.....
########## #.###.#.###
#..### #.. .. #.........#
........ #.#
#.##.......#.#####.#..###
##.##
#..:....SR.po.........#
....#
#.)....p###.###.##.#
##..#### #...)oo.# #.# #.
#K# #......#
#..##@#####.###.##K#
#.#.#..#
#..##...........##.#
....# .#
#..######...######.#
..###..# #......##.###
#.### .......#
##.###.##.# #....
.#####.# #.###.##.# #####
.# #......#.# .#
#####.>#.# .# #..#.#


You could see the friendly Thel 'Vadum the ancestor, 2 humans, an orc warrior,
an adder and 2 orcs.

Vanquished Creatures
  The ghost of foxxo the Conjurer, an amateur DECj (D:5)
  3 humans (D:6)
  A steam dragon (D:5)
  2 ice beasts (D:5)
  A black bear (D:4)
  A sky beast (D:6)
  2 ogres (D:5)
  2 centaurs
  2 phantoms (D:4)
  2 bullfrogs (Sewer)
  A kobold brigand (D:6)
  A wyvern skeleton (D:5)
  A jelly (D:5)
  4 hounds
  3 orc priests (D:4)
  A bullfrog skeleton (D:5)
  6 iguanas
  Ijyb (D:4)
  5 orc wizards
  14 adders
  2 gnolls (D:5)
  2 river rats (Sewer)
  2 shadow imps
  3 worms
  4 dart slugs
  18 orcs
  18 ball pythons
  7 endoplasms
  3 giant cockroaches (D:1)
  6 goblins
  9 hobgoblins
  A jackal (D:3)
  14 kobolds
  4 quokkas
  7 bats
  8 frilled lizards
  26 rats
188 creatures vanquished.

Vanquished Creatures (collateral kills)
  A kobold brigand (D:6)
  A bullfrog (D:6)
  An iguana (D:6)
  An orc (D:6)
4 creatures vanquished.

Vanquished Creatures (others)
  A human (D:4)
  A gnoll bouda (D:5)
  A gnoll (D:5)
3 creatures vanquished.

Grand Total: 195 creatures vanquished

Notes
Turn   | Place    | Note
-------+----------+-------------------------------------------
     0 | D:1      | GigaChad the Minotaur Fighter began the quest for the Orb.
     0 | D:1      | Reached XP level 1. HP: 19/19 MP: 0/0
    83 | D:1      | Reached XP level 2. HP: 24/27 MP: 1/1
   198 | D:1      | Found a faded altar of an unknown god.
   291 | D:1      | Reached skill level 3 in Axes
   554 | D:1      | Reached XP level 3. HP: 33/33 MP: 2/2
  1067 | D:2      | Reached skill level 4 in Axes
  1073 | D:2      | Reached XP level 4. HP: 40/40 MP: 3/3
  1647 | D:3      | Found a glowing drain.
  1658 | Sewer    | Entered a sewer
  1692 | Sewer    | Reached XP level 5. HP: 21/46 MP: 4/4
  2163 | Sewer    | Reached skill level 5 in Axes
  2753 | Sewer    | Reached skill level 1 in Dodging
  2753 | Sewer    | Reached XP level 6. HP: 51/53 MP: 5/5
  2772 | Sewer    | Reached skill level 5 in Armour
  2864 | Sewer    | Identified a scroll of acquirement
  2864 | Sewer    | Acquired the ring of Maadez Oshru {Fly rElec rF++ Str-4}
  3004 | D:3      | Reached skill level 6 in Axes
  3489 | D:3      | Found a shimmering blue altar of Sif Muna.
  3535 | D:3      | Found a hazy altar of Hepliaklqana.
  3539 | D:3      | Became a worshipper of Hepliaklqana the Forgotten
  3679 | D:4      | Found a runed translucent door.
  3679 | D:4      | Noticed a human
  3684 | D:4      | Found a basalt altar of Yredelemnul.
  3722 | D:4      | Killed a human
  3825 | D:4      | Reached XP level 7. HP: 60/60 MP: 6/6
  3946 | D:4      | Noticed Ijyb
  3960 | D:4      | Killed Ijyb
  3961 | D:4      | Reached skill level 5 in Fighting
  3981 | D:4      | Reached skill level 7 in Axes
  4914 | D:4      | Found a glowing silver altar of Zin.
  4941 | D:4      | Reached skill level 5 in Shields
  5247 | D:5      | Entered Level 5 of the Dungeon
  5278 | D:5      | Reached XP level 8. HP: 65/68 MP: 7/7
  5792 | D:5      | Reached skill level 8 in Axes
  5898 | D:5      | Found a shadowy altar of Dithmenos.
  6265 | D:5      | Found a runed translucent gate.
  6266 | D:5      | Found a runed translucent gate.
  6267 | D:5      | Found a runed translucent gate.
  6268 | D:5      | Noticed foxxo's ghost (amateur DECj)
  6283 | D:5      | Reached skill level 9 in Axes
  6286 | D:5      | Killed foxxo's ghost
  6708 | D:5      | Found a sparkling altar of Nemelex Xobeh.
  6921 | D:6      | Reached XP level 9. HP: 45/78 MP: 8/8
  6931 | D:6      | HP: 1/78 [orc warrior/bolt (20)]
  7558 | D:6      | Reached * piety under Hepliaklqana
  7656 | D:6      | Reached skill level 1 in Stealth
  7980 | D:6      | Reached skill level 10 in Axes
  8184 | D:6      | Mangled by an orc warrior

Illustrated notes

Levels and vault maps discovered:
D:1:      nicolae_arrival_memento_mori, layout_rooms,
          chequers_ecumenical_altar_simple
D:2:      layout_loops_ring
D:3:      layout_basic, mainiacjoe_overflow_swirl, portal_sewer_entry_d,
          minmay_ruptured
D:4:      layout_loops_ring, dk_yredelemnul_ordeal,
          nicolae_overflow_hidden_temple, uniq_ijyb
D:5:      layout_loops_ring, grunt_dithmenos_smoke_and_mirrors,
          nemelex_diamond_rough_becter, gammafunk_ghost_necromancy,
          solitary_fountain
D:6:      layout_loops_ring, temple_doors_e, minmay_ruffians

Skill      XL: |  1  2  3  4  5  6  7  8  9 |
---------------+----------------------------+-----
Armour         | 4 5 6 7 8 |  8.5
Axes           | 3 4 5 6 7 9 10 | 10.2
Shields        | 4 5 6 |  6.5
Fighting       | 4 5 6 7 |  7.2
Dodging        | 1 2 3 |  3.3
Stealth        | 1 |  1.0

Action                   |  1- 3 |  4- 6 |  7- 9 || total
-------------------------+-------+-------+-------++-------
Melee: War axe           |    23 |       |       ||    23
       Broad axe         |    67 |   161 |   293 ||   521
       Headbutt          |    10 |    10 |    42 ||    62
Invok: Recall Ancestor   |       |       |     1 ||     1
       Ancestor Identity |       |       |     1 ||     1
  Use: Scroll            |     1 |     9 |     3 ||    13
Armor: Scale mail        |    74 |   133 |   168 ||   375
Dodge: Dodged            |    52 |   111 |   129 ||   292
Block: Buckler           |    28 |    55 |    66 ||   149
